 Dungeon Crawl Stone Soup version 0.31-a0-202-g547052bce9 (webtiles) character file.

Game seed: 9714419221848487273

730 CoordinateN the Cleaver (level 7, 0/58 HPs)
             Began as a Minotaur Berserker on June 27, 2023.
             Was a Believer of Trog.
             Succumbed to an orc wizard's poison
             ... on level 5 of the Dungeon.
             The game lasted 00:10:18 (3644 turns).

CoordinateN the Cleaver (Minotaur Berserker)        Turns: 3644, Time: 00:10:18

Health: 0/58       AC:  6    Str: 23    XL:     7   Next: 44%
Magic:  6/6        EV: 10    Int:  4    God:    Trog [**....]
Gold:   247        SH:  0    Dex: 10    Spells: 6/6 levels left

rFire   x . .        i - +0 war axe
rCold   + . .        (no shield)
rNeg    . . .        u - +0 scale mail
rPois   .            (helmet restricted)
rElec   .            (no cloak)
rCorr   .            (no gloves)
SInv    .            (no boots)
Will    .....        (no amulet) Stlth
                     l - ring of ice
HPRegen 0.29/turn    (no ring)
MPRegen 0.10/turn

%: no passive effects
@: lethally poisoned (0 -> -8)
A: horns 2, retaliatory headbutt
a: Renounce Religion, Berserk, Trog's Hand


You were on level 5 of the Dungeon.
You worshipped Trog.
Trog was pleased with you.
You visited 1 branch of the dungeon, and saw 5 of its levels.

You collected 247 gold pieces.

Inventory:

Hand Weapons
 a - a +0 hand axe
 i - a +0 war axe (weapon)
Armour
 u - a +0 scale mail (worn)
Jewellery
 l - a ring of ice (left hand)
 n - a ring of magical power
Wands
 o - a wand of polymorph (14)
 p - a wand of flame (24)
 q - a wand of iceblast (14)
Scrolls
 b - a scroll of amnesia {unknown}
 e - 3 scrolls of teleportation {unknown}
 g - a scroll of fog {unknown}
 j - 2 scrolls of identify {unknown}
 r - a scroll of poison {unknown}
Potions
 c - a potion of ambrosia
 d - a potion of lignification {unknown}
 f - 4 potions of heal wounds {unknown}
 k - 5 potions of curing {unknown}
 m - 2 potions of mutation {unknown}
 s - 3 potions of degeneration {unknown}
 t - a potion of enlightenment {unknown}


   Skills:
 - Level 3.8 Fighting
 + Level 10.3 Axes
 - Level 2.6 Armour
 - Level 2.4 Dodging


You had 6 spell levels left.
You didn't know any spells.
Your spell library was empty.

Dungeon Overview and Level Annotations

Branches:
Dungeon (5/15)
 Temple: D:4-7

Altars:
Trog
Uskayaw
Xom
Yredelemnul

Shops:
D:1 :

Annotations:
D:4 2 runed translucent doors, TittyCrusher's ghost, amateur OpTm


Innate Abilities, Weirdness & Mutations

You have a pair of horns on your head.
You reflexively headbutt those who attack you in melee.


Message History

The orc wizard hits you with a +1 dagger of venom.
You are more poisoned.
You feel very sick.
You're too confused to move!
You feel very sick.
You are too confused!
You are too confused!
You are too confused!
Okay, then.
The orc attacks as you move away! The orc hits you but does no damage.
The orc wizard attacks as you move away!
The orc wizard barely misses you.
You feel very sick.
Okay, then.
You're too confused to move!
You feel very sick. The orc wizard closely misses you.
You bump into the rock wall.
You feel very sick.
The orc wizard points at you and mumbles some strange words.
The puff of flame hits you! The fire burns you terribly!
You feel sick.
You closely miss the orc wizard. Your headbutt misses the orc wizard.
You feel sick.
The orc wizard points at you and mumbles some strange words.
The puff of flame hits you! The fire burns you terribly!
* * * LOW HITPOINT WARNING * * *
You bump into the rock wall.
You feel less confused.
You feel sick.
The orc wizard hits you but does no damage.
You are lethally poisoned!
The orc wizard attacks as you move away!
The orc wizard hits you with a +1 dagger of venom.
* * * LOW HITPOINT WARNING * * *
x2 You feel very sick.
* * * LOW HITPOINT WARNING * * *
You feel very sick.
You slash the orc wizard!
The orc wizard is severely wounded.
You die...

▒▒▒▒▒▒▒▒▒▒
▒∙∙∙∙∙∙∙∙▒
▒▒▒▒▒▒▒▒▒▒▒
▒∙▒▒▒▒▒▒∙▒
▒∙∙∙∙∙∙∙∙∙▒
▒▒▒▒∙▒▒▒▒▒∙▒▒▒▒▒▒▒∙▒
▒∙o@∙(∙∙∙∙[∙∙∙∙▒ ▒∙▒
▒∙▒▒∙▒▒▒▒▒∙▒∙▒∙▒ ▒∙▒
▒∙▒▒∙▒ ▒∙∙∙∙∙▒ ▒∙▒
▒∙▒▒▒o▒▒∙▒
▒∙∙∙∙∙▒▒▒∙▒
▒oo∙o∙∙∙∙▒
▒∙∙∙∙∙∙∙∙∙∙
▒▒▒▒▒∙▒▒▒▒
▒▒▒∙▒▒▒▒▒▒▒ ▒∙▒ ▒∙▒
▒∙▒ ▒%▒ ▒∙▒ ∙■▒


You could see an orc wizard.

Vanquished Creatures
  A wyvern (D:5)
  A phantom (D:5)
  3 scorpions (D:5)
  A howler monkey (D:5)
  4 crimson imps (D:3)
  A hound (D:5)
  Jessica (D:2)
  Robin (D:1)
  2 adders
  An ufetubus (D:5)
  A dart slug (D:2)
  5 endoplasms
  2 giant cockroaches
  14 goblins
  7 hobgoblins
  8 jackals
  2 quokkas
  8 ball pythons
  6 bats
  2 frilled lizards
  6 kobolds
  2 rats
79 creatures vanquished.

Notes
Turn   | Place    | Note
-------+----------+-------------------------------------------
     0 | D:1      | CoordinateN the Minotaur Berserker began the quest for the
                  | Orb.
     0 | D:1      | Reached XP level 1. HP: 19/19 MP: 0/0
   107 | D:1      | Found Vunona Gyeci's Book Shop.
   133 | D:1      | Reached XP level 2. HP: 27/27 MP: 1/1
   183 | D:1      | Reached skill level 4 in Axes
   536 | D:1      | Reached ** piety under Trog
   717 | D:2      | Identified the +1 hat of the Rescuing Gods {rPois Dex+3
                  | Stlth+}
   734 | D:2      | Reached XP level 3. HP: 28/33 MP: 2/2
   918 | D:2      | Noticed Robin
   981 | D:1      | Killed Robin
   982 | D:1      | Reached skill level 5 in Axes
  1352 | D:2      | Noticed Jessica
  1383 | D:2      | Killed Jessica
  1384 | D:2      | Reached XP level 4. HP: 40/40 MP: 3/3
  1723 | D:2      | Reached skill level 6 in Axes
  1947 | D:3      | Found a faded altar of an unknown god.
  2043 | D:3      | Found a shimmering altar of Xom.
  2120 | D:3      | Reached XP level 5. HP: 46/46 MP: 4/4
  2169 | D:3      | Reached skill level 7 in Axes
  2709 | D:4      | Reached XP level 6. HP: 49/52 MP: 5/5
  2773 | D:4      | Found a bloodstained altar of Trog.
  2815 | D:4      | Found a hide-covered altar of Uskayaw.
  2891 | D:4      | Found a large runed translucent door.
  2891 | D:4      | Found a large runed translucent door.
  2892 | D:4      | Noticed TittyCrusher's ghost (amateur OpTm)
  3040 | D:5      | Entered Level 5 of the Dungeon
  3053 | D:5      | Reached skill level 8 in Axes
  3059 | D:5      | Reached skill level 9 in Axes
  3256 | D:5      | Reached XP level 7. HP: 53/58 MP: 6/6
  3325 | D:5      | Found a basalt altar of Yredelemnul.
  3328 | D:5      | Noticed a wyvern
  3333 | D:5      | Killed a wyvern
  3334 | D:5      | Reached skill level 10 in Axes
  3643 | D:5      | HP: 2/58 [poisoned by an orc wizard]
  3644 | D:5      | Succumbed to an orc wizard's poison

Illustrated notes

Levels and vault maps discovered:
D:1:      eino_arrival_cavern_e, layout_loops_cross, serial_shops, shop
D:2:      layout_basic, uniq_robin, uniq_jessica
D:3:      layout_rooms, led_xom_imps, basic_ecumenical_altar,
          dreamdust_princess_corridor, minmay_misc_feat_x
D:4:      layout_cave_pools, nicolae_uskayaw_suspiria,
          mainiacjoe_overflow_24_doors, ebering_ghost_disaster_area
D:5:      layout_loops_corners, kennysheep_mini_moat, yredelemnul_altar_generic,
          st_stairs_2, minmay_lizard_king

Skill      XL: |  1  2  3  4  5  6  7 |
---------------+----------------------+-----
Axes           | 4 5 6 7 9 10 | 10.3
Fighting       | |  3.8
Armour         | |  2.6
Dodging        | |  2.4

Action                     |  1- 3 |  4- 6 |  7- 9 || total
---------------------------+-------+-------+-------++-------
  Melee: Hand axe          |    69 |     2 |       ||    71
         Headbutt          |    10 |    14 |     1 ||    25
         War axe           |       |    79 |    10 ||    89
 Invoke: Berserk           |     2 |     1 |     1 ||     4
    Use: Scroll            |     1 |       |       ||     1
         Potion            |     1 |       |       ||     1
   Stab: Sleeping          |     1 |       |       ||     1
 Armour: Animal skin       |    13 |       |       ||    13
         Ring mail         |    10 |    21 |       ||    31
         Scale mail        |       |       |     4 ||     4
  Dodge: Dodged            |    65 |    52 |     6 ||   123

Table legend: (Time is in decaauts)
 A = Elapsed time spent in this place.
 B = Non-inter-level travel time spent in this place.
 C = Inter-level travel time spent in this place.
 D = Time resting spent in this place.
 E = Time spent auto-exploring this place.
 F = Levels seen in this place.
 G = Mean time per level.
                   A        B        C        D        E       F      G
               +--------+--------+--------+--------+--------+-----+--------+
         Total |   3708 |   3595 |    113 |    251 |   2720 |   5 |  741.6 |
       Dungeon |   3708 |   3595 |    113 |    251 |   2720 |   5 |  741.6 |
               +--------+--------+--------+--------+--------+-----+--------+

Top non-repeatable levels by time:
     D:2: 1127 daAuts
     D:1: 857 daAuts
     D:4: 594 daAuts
     D:3: 578 daAuts
     D:5: 551 daAuts
